 Dungeon Crawl Stone Soup version 0.22.1-2-g9c5b331 (webtiles) character file.

18 Gearfox the Protected (level 2, 29/29 HPs)
             Began as a Gnoll Wanderer on Dec 7, 2018.
             Quit the game on level 1 of the Dungeon.
             The game lasted 00:03:18 (587 turns).

Gearfox the Protected (Gnoll Wanderer)               Turns: 587, Time: 00:03:20

Health: 29/29      AC:  4    Str: 12    XL:     2   Next: 66%
Magic:  11/11      EV: 11    Int: 14    God:
Gold:   10         SH:  0    Dex: 16    Spells: 2/2 levels left

rFire    + . .     SeeInvis .   Q - +0 shortbow
rCold    . . .     Gourm    .   (shield currently unavailable)
rNeg     . . .     Faith    .   l - +0 leather armour
rPois    .         Spirit   .   (no helmet)
rElec    .         Reflect  .   (no cloak)
rCorr    .         Harm     .   (no gloves)
MR       .....                  (no boots)
Stlth    ++........             (no amulet)
HPRegen  0.09/turn              c - ring of magical power
MPRegen  0.12/turn              o - ring of protection from fire

@: no status effects
A: distributed training, fangs 1, strong nose
a: no special abilities


You were on level 1 of the Dungeon.
You were not hungry.

You visited 1 branch of the dungeon, and saw 1 of its levels.

You collected 10 gold pieces.

Inventory:

Hand Weapons
 a - a +2 dagger
 e - a +0 hand crossbow
 Q - a +0 shortbow (weapon)
Missiles
 d - 43 arrows (quivered)
 f - 29 bolts
Armour
 g - a +0 robe
 l - a +0 leather armour (worn)
Jewellery
 c - a ring of magical power (left hand)
 o - a ring of protection from fire (right hand)
Scrolls
 b - a scroll of fear
 j - a scroll of remove curse
Potions
 i - 6 potions of curing {unknown}
 m - a potion of lignification {unknown}
 n - a potion of magic {unknown}
Comestibles
 h - a ration
 k - 4 chunks of flesh


   Skills:
 + Level 6.5 Fighting
 + Level 0.5 Short Blades
 + Level 0.5 Long Blades
 + Level 0.5 Axes
 + Level 0.5 Maces & Flails
 + Level 0.5 Polearms
 + Level 0.5 Staves
 + Level 0.5 Slings
 + Level 0.5 Bows
 + Level 2.5 Crossbows
 + Level 0.5 Throwing
 + Level 8.5 Armour
 + Level 0.5 Dodging
 + Level 2.3 Stealth
 + Level 2.5 Shields
 + Level 0.5 Unarmed Combat
 + Level 0.5 Spellcasting
 + Level 0.3 Conjurations
 + Level 0.3 Hexes
 + Level 0.3 Charms
 + Level 0.3 Summonings
 + Level 0.3 Necromancy
 + Level 0.3 Translocations
 + Level 0.3 Transmutations
 + Level 0.3 Fire Magic
 + Level 0.3 Ice Magic
 + Level 0.3 Air Magic
 + Level 0.3 Earth Magic
 + Level 0.3 Poison Magic
 + Level 0.6 Invocations
 + Level 0.5 Evocations


You had 2 spell levels left.
You didn't know any spells.
Your spell library was empty.

Dungeon Overview and Level Annotations

Branches:
Dungeon (1/15)

Altars:


Innate Abilities, Weirdness & Mutations

Your experience applies equally to all skills.
You have very sharp teeth.
Your uncanny sense of smell can sniff out nearby items.


Message History

d - 43 arrows (gained 1)
You see here a bat corpse.
Firing (i - inventory)
d - 43 arrows (quivered)
Press: ? - help, Shift-Dir - straight line, f - you
Okay, then.
Firing (i - inventory)
d - 43 arrows (quivered)
Press: ? - help, Shift-Dir - straight line, f - giant cockroach
Aim: a giant cockroach You shoot an arrow.
The arrow hits the giant cockroach!
You kill the giant cockroach!
Unknown command.
d - 43 arrows (gained 1) Quiver which item? (- for none, * to show all) (? for menu, Esc to quit)
Okay, then.
Unknown command.
Quiver which item? (- for none, * to show all) (? for menu, Esc to quit)
Okay, then.
You don't know any spells.
Your library has no spells.
Are you sure you want to abandon this character and quit the game? (Confirm

#........#.########.......###...
#.......##.................##...
###.....#.......###........##...
#.....#.......# #........###.#
#.#####.......# #####.##.#...#
#. #.......# #÷...#...# #
#)......# #.#......#
#.......#######.#......#
##.#+#.@............#.##
####+#.#.##....#####..#..
#......#..#.##.#......#
#......##.#..#......>.#
#............#.†.......
####.#####>.##.#.....##
#........##.#..(....
#######..##.#.###### #..##.#..∆


There were no monsters in sight!

Vanquished Creatures
  A leopard gecko (D:1)
  3 bats (D:1)
  2 giant cockroaches (D:1)
  2 goblins (D:1)
  3 hobgoblins (D:1)
  A kobold (D:1)
  2 frilled lizards (D:1)
  A rat (D:1)
15 creatures vanquished.

Notes
Turn   | Place    | Note
-------+----------+-------------------------------------------
     0 | D:1      | Gearfox the Gnoll Wanderer began the quest for the Orb.
     0 | D:1      | Gearfox set off with: a +2 dagger, a scroll of fear, a +0
                  | shortbow, 26 arrows, a +0 hand crossbow, 29 bolts, a +0
                  | robe, a ration
     0 | D:1      | Reached XP level 1. HP: 23/23 MP: 1/1
   271 | D:1      | Reached XP level 2. HP: 26/29 MP: 2/2
   587 | D:1      | Quit the game

Action                   || total
-------------------------++-------
Melee: Dagger            ||    33
       Bite              ||     3
 Fire: Shortbow          ||    12
  Use: Scroll            ||     2
 Stab: Sleeping          ||     1
Armor: Leather armour    ||    16
       Robe              ||     2
Dodge: Dodged            ||    26
